 Dungeon Sprint DCSS version 0.24.1-14-gf8d2b509d9 (webtiles) character file.

Game seed: 446070008437835428, levelgen mode: deterministic

2251 Baz the Unseen (level 9, -5/39 HPs)
             Began as a Spriggan Enchanter on Oct 2, 2020.
             Was a Believer of Dithmenos.
             Slain by a demonic crawler (9 damage)
             ... in the Dungeon (Sprint I: "Red Sonja").
             The game lasted 00:07:30 (1126 turns).

Baz the Unseen (Spriggan Enchanter)                 Turns: 1126, Time: 00:07:30

Health: -5/39      AC:  2    Str:  4    XL:     9   Next: 15%
Magic:  15/23      EV: 22    Int: 17    God:    Dithmenos [**....]
Gold:   531        SH:  0    Dex: 19    Spells: 17/26 levels left

rFire    . . .     SeeInvis +   k - +2 dagger (distort)
rCold    . . .     Gourm    .   (shield restricted)
rNeg     . . .     Faith    .   b - +0 robe
rPois    .         Spirit   .   (helmet restricted)
rElec    .         Reflect  .   (no cloak)
rCorr    .         Harm     .   (gloves unavailable)
MR       +....     NoTele   +   (boots unavailable)
Stlth    +++++++++.             (no amulet)
HPRegen  0.13/turn              i - +4 ring of evasion
MPRegen  0.18/turn              (no ring)

@: wreathed by umbra, very quick
A: very small, unfitting armour, see invisible, herbivore, speed 3, slow
metabolism 2
a: Shadow Step, Renounce Religion


You were in the Dungeon.
You worshipped Dithmenos.
Dithmenos was pleased with you.
You were not hungry.

You visited 1 branch You collected 641 gold pieces.
You spent 110 gold pieces at shops.

Inventory:

Hand Weapons
 a - a +1 dagger
 k - a +2 dagger of distortion (weapon)
Missiles
 l - 6 curare-tipped darts (quivered)
Armour
 b - a +0 robe (worn)
Jewellery
 i - a +4 ring of evasion (left hand)
Wands
 c - a wand of random effects (18)
Scrolls
 j - a scroll of blinking
Potions
 e - 3 potions of curing
 f - a potion of heal wounds
 g - a potion of haste
 h - 2 potions of magic
 m - a potion of flight {unknown}
Comestibles
 d - 3 rations


   Skills:
 + Level 8.2 Short Blades
 - Level 3.0 Dodging
 * Level 20.8 Stealth
 + Level 9.3 Spellcasting
 * Level 12.7 Hexes


You had 17 spell levels left.
You knew the following spells:

 Your Spells              Type           Power        Failure   Level  Hunger
a - Corona                Hex            ######.      1%          1    None
b - Ensorcelled Hibernat  Hex/Ice        ####..       1%          2    None
c - Confuse               Hex            ######..     1%          3    None
d - Dazzling Spray        Conj/Hex       ####..       1%          3    None

Your spell library contained the following spells:

 Spells                   Type           Power        Failure   Level  Hunger
 Tukima's Dance           Hex            ######..     1%          3    None


Dungeon Overview and Level Annotations

Branches:
Dungeon (1/1)

Altars:
Cheibriados
Dithmenos
Elyvilon
Fedhas
Gozag
Hepliaklqana
Kikubaaqudgha
Makhleb
Nemelex Xobeh
Okawaru
Qazlal
Ru
Sif Muna
Trog
Uskayaw
Vehumet
Wu Jian
Xom
Yredelemnul
Zin
The Shining One
Jiyva
Lugonu

Shops:
D *[


Innate Abilities, Weirdness & Mutations

You are very small and have problems with some larger weapons.
You are too small for most types of armour.
You have supernaturally acute eyesight. (SInv)
You are a herbivore.
You cover ground extremely quickly.
You need to consume almost no food.


Message History

The demonic crawler resists with almost no effort.
Things that are here:
a +0 scythe; a +0 robe
There is an open door here.
Casting: Confuse (safe; 1% risk of failure)
Confirm with . or Enter, or press ? or * to list all spells.
Aiming: Confuse (safe; 1% risk of failure)
Press: ? - help, Shift-Dir - straight line, f/p - demonic crawler
Aim: a demonic crawler (clinging, umbra, chance to defeat MR: 11%)
Okay, then.
Casting: Confuse (safe; 1% risk of failure)
Confirm with . or Enter, or press ? or * to list all spells.
Aiming: Confuse (safe; 1% risk of failure)
Press: ? - help, Shift-Dir - straight line, f/p - demonic crawler
Aim: a demonic crawler (clinging, umbra, chance to defeat MR: 11%)
The demonic crawler resists with almost no effort.
The demonic crawler hits you! x2
* * * LOW HITPOINT WARNING * * *
The demonic crawler hits you!
You die...

#########################
#<.#..'..#†)'..#__#..'..)
#..)[.#.@s..#..'..+..#...
#.)#####'#####'#__####..s
#..####..#...#.#### ####
#..#__####..##.#
#..#_____##'#_.+
#⌠⌠#_.∩...'..._#
####_..__##_.#'##+###
#_____###'#[#)..[###
#########.####'###.##


You could see a demonic crawler.

Vanquished Creatures
  Sonja (D)
  A deep troll (D)
  A kobold demonologist (D)
  A demonic crawler (D)
  A slime creature (D)
  Sigmund (D)
  A yak (D)
  A floating eye (D)
  An ogre (D)
  A jelly (D)
  Ijyb (D)
11 creatures vanquished.

Vanquished Creatures (others)
  A gargoyle (D)
1 creature vanquished.

Grand Total: 12 creatures vanquished

Notes
Turn   | Place    | Note
-------+----------+-------------------------------------------
     0 | D        | Baz the Spriggan Enchanter began the quest for the Orb.
     0 | D        | Reached XP level 1. HP: 9/9 MP: 5/5
     2 | D        | Noticed Ijyb
     8 | D        | Killed Ijyb
     8 | D        | Reached skill level 10 in Stealth
     8 | D        | Reached XP level 2. HP: 13/13 MP: 6/6
    63 | D        | Learned a level 2 spell: Ensorcelled Hibernation
    63 | D        | Noticed an ogre
   109 | D        | Killed an ogre
   109 | D        | Reached skill level 14 in Stealth
   109 | D        | Reached XP level 3. HP: 16/16 MP: 1/8
   109 | D        | Reached XP level 4. HP: 21/21 MP: 1/9
   186 | D        | Noticed Sigmund
   189 | D        | Killed Sigmund
   189 | D        | Reached skill level 18 in Stealth
   189 | D        | Reached XP level 5. HP: 24/24 MP: 10/10
   189 | D        | Reached XP level 6. HP: 28/28 MP: 11/11
   202 | D        | Found an ornate altar of the Wu Jian Council.
   202 | D        | Found a shimmering blue altar of Sif Muna.
   204 | D        | Found a radiant altar of Vehumet.
   218 | D        | Found Raich's Assorted Antiques.
   218 | D        | Found an ancient bone altar of Kikubaaqudgha.
   218 | D        | Found a hazy altar of Hepliaklqana.
   218 | D        | Found a stormy altar of Qazlal.
   218 | D        | Found a hide-covered altar of Uskayaw.
   218 | D        | Found a blossoming altar of Fedhas.
   218 | D        | Found a bloodstained altar of Trog.
   218 | D        | Found an iron altar of Okawaru.
   218 | D        | Found a basalt altar of Yredelemnul.
   218 | D        | Found a glowing golden altar of the Shining One.
   218 | D        | Found a snail-covered altar of Cheibriados.
   218 | D        | Found a sacrificial altar of Ru.
   218 | D        | Found a glowing silver altar of Zin.
   218 | D        | Found a shadowy altar of Dithmenos.
   218 | D        | Found a white marble altar of Elyvilon.
   218 | D        | Noticed a yak
   219 | D        | Found an opulent altar of Gozag.
   220 | D        | Killed a yak
   221 | D        | Found a sparkling altar of Nemelex Xobeh.
   227 | D        | Became a worshipper of Dithmenos the Shadowed
   251 | D        | Learned a level 3 spell: Confuse
   255 | D        | Learned a level 3 spell: Dazzling Spray
   269 | D        | Bought a bronze ring for 110 gold pieces
   276 | D        | Noticed Sonja
   280 | D        | Killed Sonja
   280 | D        | Reached skill level 19 in Stealth
   280 | D        | Reached skill level 10 in Hexes
   280 | D        | Reached XP level 7. HP: 32/32 MP: 14/18
   280 | D        | Reached XP level 8. HP: 36/36 MP: 14/19
   316 | D        | Noticed a deep troll
   328 | D        | Killed a deep troll
   511 | D        | Found Wyotapre's Armour Emporium.
   536 | D        | Found a burning altar of Makhleb.
   536 | D        | Found a viscous altar of Jiyva.
   536 | D        | Found a shimmering altar of Xom.
   536 | D        | Found a corrupted altar of Lugonu.
   536 | D        | Noticed a slime creature
   544 | D        | Killed a slime creature
   544 | D        | Reached * piety under Dithmenos
   544 | D        | Reached skill level 20 in Stealth
   589 | D        | Noticed a kobold demonologist
   590 | D        | Noticed a kobold demonologist
   596 | D        | Killed a kobold demonologist
   596 | D        | Reached XP level 9. HP: 35/39 MP: 18/23
   652 | D        | Noticed a demonic crawler
   652 | D        | Noticed a demonic crawler
   652 | D        | Noticed a demonic crawler
   652 | D        | Noticed a demonic crawler
   992 | D        | Killed a demonic crawler
   992 | D        | Reached ** piety under Dithmenos
  1056 | D        | Killed a gargoyle
  1126 | D        | Slain by a demonic crawler

Levels and vault maps discovered:
D:        dungeon_sprint_1 [red_sonja_temple_1, red_sonja_temple_small_1]

Skill      XL: |  1  2  3  4  5  6  7  8  9 |
---------------+----------------------------+-----
Stealth        | 10 14 18 19 20 | 20.8
Spellcasting   | 7 9 |  9.3
Hexes          | 10 12 | 12.7
Short Blades   | 6 7 8 |  8.2
Dodging        | |  3.0

Action                   |  1- 3 |  4- 6 |  7- 9 || total
-------------------------+-------+-------+-------++-------
Melee: Dagger            |     7 |     4 |    20 ||    31
 Cast: Ensorcelled Hiber |     3 |       |     5 ||     8
       Confuse           |       |       |    10 ||    10
  Use: Potion            |     1 |       |       ||     1
 Stab: Sleeping          |     1 |     4 |     3 ||     8
       Confused          |       |       |     2 ||     2
Armor: Robe              |     1 |       |       ||     1
Dodge: Dodged            |     4 |       |    43 ||    47
